 Dungeon Crawl Stone Soup version 0.29.1-15-g9cfb28693d (webtiles) character file.

Game seed: 11222317230868905169

2542 croobank the Sneak (level 9, -2/59 HPs)
             Began as an Octopode Fire Elementalist on Apr 15, 2023.
             Was a Believer of Sif Muna.
             Shot with an arrow by a centaur (8 damage)
             ... on level 6 of the Dungeon.
             The game lasted 00:22:20 (8729 turns).

croobank the Sneak (Octopode Fire Elementalist)     Turns: 8729, Time: 00:22:21

Health: -2/59      AC:  5    Str:  7    XL:     9   Next: 55%
Magic:  7/16       EV: 14    Int: 22    God:    Sif Muna [**....]
Gold:   287        SH:  0    Dex: 12    Spells: 10/17 levels left

rFire   . . .      SeeInvis +   x - +2 dagger (holy)
rCold   + . .      Faith    +   (no shield)
rNeg    . . .      Spirit   .   (helmet restricted)
rPois   .          Reflect  .   A - amulet of faith
rElec   .          Harm     .   q - +4 ring of protection
rCorr   .          Rampage  .   g - ring "Unexishroz" {rC+ SInv}
Will    .....                   (no ring)
Stlth   ++++......              (no ring)
HPRegen 0.19/turn               (no ring)
MPRegen 0.15/turn               (no ring)
                                (no ring)
                                (no ring)

@: no status effects
A: almost no armour, amphibious, 8 rings, camouflage 1, gelatinous body 1,
(nimble swimmer 1), tentacles
a: Renounce Religion, Channel Magic


You were on level 6 of the Dungeon.
You worshipped Sif Muna.
Sif Muna was pleased with you.
You visited 1 branch of the dungeon, and saw 6 of its levels.
You also visited: Ossuary.

You collected 287 gold pieces.

Inventory:

Hand Weapons
 a - a +2 dagger of draining
 b - a +0 sling of freezing
 c - a +2 flail of protection
 h - a +0 war axe
 k - a +0 rapier
 m - the +7 long sword of Death's Door {antimagic, Int+7 Dex+4}
   (You found it on level 2 of the Dungeon)

   It reduces the magical energy of the wielder, and disrupts the spells and
   magical abilities of those it strikes.
   Natural abilities and divine invocations are not affected.
   Int:       It affects your intelligence (+7).
   Dex:       It affects your dexterity (+4).
 v - a +0 long sword of venom
 x - a +2 dagger of holy wrath (weapon)
Missiles
 t - 3 poisoned darts (quivered)
Jewellery
 g - the ring "Unexishroz" (right tentacle) {rC+ SInv}
   (You found it in an ossuary)

   [ring of see invisible]

   rC:        It protects you from cold.
   SInv:      It lets you see invisible.
 q - a +4 ring of protection (left tentacle)
 A - an amulet of faith (around mantle)
Scrolls
 f - 3 scrolls of teleportation
 i - a scroll of noise
 o - a scroll of magic mapping
 r - 2 scrolls of poison
 y - 2 scrolls of identify
 C - a scroll of blinking
Potions
 d - 3 potions of attraction
 e - 4 potions of curing
 j - a potion of magic
 l - 2 potions of haste
 n - a potion of cancellation {unknown}
 p - 2 potions of degeneration {unknown}
 s - a potion of brilliance {unknown}
 u - 2 potions of heal wounds {unknown}
 w - a potion of mutation {unknown}
 z - a potion of lignification {unknown}
 B - a potion of might


   Skills:
 + Level 4.5 Fighting
 + Level 5.0 Dodging
 + Level 7.2 Stealth
 + Level 4.7 Spellcasting
 + Level 4.9 Conjurations
 + Level 5.6 Fire Magic
 * Level 4.8 Invocations


You had 10 spell levels left.
You knew the following spells:

 Your Spells              Type           Power      Damage    Failure   Level
a - Foxfire               Conj/Fire      100%       2x1d9     1%          1
b - Scorch                Fire           60%        2d8       1%          2
c - Flame Wave            Conj/Fire      28%        2d9       12%         4

Your spell library contained the following spells:

 Spells                   Type           Power      Damage    Failure   Level
 Conjure Flame            Conj/Fire      28%        6-21      3%          3
 Inner Flame              Hex/Fire       17%        N/A       10%         3


Dungeon Overview and Level Annotations

Branches:
Dungeon (6/15)             Temple (0/1) D:6         Ossuary (visited)

Altars:
Okawaru
Sif Muna
Xom

Annotations:
D:6 1 transporter


Innate Abilities, Weirdness & Mutations

You cannot wear most types of armour.
You are amphibious.
You can wear up to eight rings at the same time.
Your skin changes colour to match your surroundings (Stealth+).
Your rubbery body absorbs attacks. (AC +1, EV +1)
((You are camouflaged when in or above water. (Stealth+)))
You have tentacles for arms and can constrict up to eight enemies at once.


Message History

Confirm with . or Enter, or press ? or * to list all spells.
Flames lash the sky beast.
The sky beast is burned terribly!
The sky beast is heavily wounded.
The sky beast closely misses you.
Casting: Scorch (safe; 1% risk of failure)
Confirm with . or Enter, or press ? or * to list all spells.
Flames lash the sky beast.
The sky beast is burned terribly!
The sky beast is almost dead.
The sky beast closely misses you.
Casting: Scorch (safe; 1% risk of failure)
Confirm with . or Enter, or press ? or * to list all spells.
Flames lash the sky beast.
The sky beast is burned terribly!
You kill the sky beast!
Sif Muna accepts your kill.
You hear a shout!
A centaur is nearby!
The centaur wields a +0 shortbow.
The centaur shoots an arrow.
The arrow barely misses you.
The centaur shoots an arrow.
The arrow hits you!
You see here a sky beast corpse.
The centaur shoots an arrow.
The arrow hits you.
You hear a shout!
A scorpion comes into view.
The centaur shoots an arrow.
The arrow hits you!
The centaur shoots an arrow.
The arrow hits you.
* * * LOW HITPOINT WARNING * * *
The scorpion moves out of view.
Casting: Scorch (safe; 1% risk of failure)
Confirm with . or Enter, or press ? or * to list all spells.
You can't see any susceptible monsters within range! (Use Z to cast anyway.)
The centaur shoots an arrow.
The arrow barely misses you.
Casting: Scorch (safe; 1% risk of failure)
Confirm with . or Enter, or press ? or * to list all spells.
Flames lash the centaur.
The centaur is heavily wounded.
The centaur's fire resistance burns away.
The centaur shoots an arrow.
The arrow hits you!
* * * LOW HITPOINT WARNING * * *
An orc wizard comes into view. It is wielding a +0 dagger.
The centaur shoots an arrow.
The arrow hits you!
You die...

,,,,,,,**,*,* *,,,,,,,,,,,,,,
****,,,*,,*,* ***..,,,,,,,,,, *
*,,,,,**,*########.#.*****,***
****,,,,***,*#..........* *,,,*
,,,,,,,** *,*#...>......***,***
,,,,,,** *,*#..........,,,,*
*,,,,,* ##.*#......s...*****
**,,,** #..*#..........**
©*,,,#####.###..@..c...o,*
**,,,........†..........,**
#....#####.###..........,,*******
#.......................,,,,,,,,,
........................,,,,**,,,
....######..####.#######***,,,,**
..............##.# *,,****
#.............##.# **,,*
#.............#*.# *,,>*


You could see a centaur (combustible), a scorpion and an orc wizard.

Vanquished Creatures
  Eustachio (D:5)
  Edmund (D:5)
  3 ice beasts
  A hornet zombie (Ossuary)
  A sky beast (D:6)
  An ogre (D:5)
  3 phantoms
  3 scorpions
  4 water moccasin zombies (Ossuary)
  2 centaur zombies (Ossuary)
  6 bullfrog zombies (Ossuary)
  An orc priest (D:4)
  3 hounds (D:5)
  2 jellies (D:5)
  4 iguanas (D:5)
  5 orc wizards
  4 killer bee zombies (Ossuary)
  13 mummies (Ossuary)
  A howler monkey zombie (Ossuary)
  4 gnolls (D:6)
  3 adders
  2 ufetubi
  2 worms (D:3)
  2 dart slugs
  13 orcs
  4 bats
  5 endoplasms
  4 giant cockroaches
  14 goblins
  9 hobgoblins
  2 quokkas
  8 ball pythons
  5 frilled lizards
  10 kobolds
  4 rats
150 creatures vanquished.

Vanquished Creatures (others)
  176 foxfires
  A fungus (D:6)
  8 withered plants (Ossuary)
185 creatures vanquished.

Grand Total: 335 creatures vanquished

Notes
Turn   | Place    | Note
-------+----------+-------------------------------------------
     0 | D:1      | croobank the Octopode Fire Elementalist began the quest for
                  | the Orb.
     0 | D:1      | Reached XP level 1. HP: 11/11 MP: 3/3
   267 | D:1      | Reached XP level 2. HP: 17/17 MP: 1/5
   270 | D:1      | Learned a level 2 spell: Scorch
   584 | D:1      | Reached skill level 3 in Stealth
  1164 | D:1      | Reached XP level 3. HP: 22/22 MP: 6/6
  1453 | D:2      | Reached skill level 1 in Fighting
  1771 | D:2      | Identified the +7 long sword of Death's Door {antimagic,
                  | Int+7 Dex+4}
  1861 | D:2      | Found an iron altar of Okawaru.
  2166 | D:2      | Reached XP level 4. HP: 17/28 MP: 2/7
  3154 | D:3      | Found a shimmering blue altar of Sif Muna.
  3190 | D:3      | Became a worshipper of Sif Muna the Loreminder
  3479 | D:3      | Reached XP level 5. HP: 33/33 MP: 1/8
  3480 | D:3      | Found an iron altar of Okawaru.
  3743 | D:4      | Noticed a phantom
  3752 | D:4      | Killed a phantom
  3753 | D:4      | Reached skill level 4 in Stealth
  3753 | D:4      | Reached skill level 1 in Invocations
  4001 | D:4      | Reached * piety under Sif Muna
  4002 | D:4      | Reached XP level 6. HP: 26/39 MP: 0/10
  5159 | D:5      | Entered Level 5 of the Dungeon
  5206 | D:5      | Reached XP level 7. HP: 45/45 MP: 2/11
  5356 | D:5      | Noticed Edmund
  5369 | D:5      | Killed Edmund
  5370 | D:5      | Reached skill level 5 in Stealth
  5445 | D:5      | Learned a level 4 spell: Flame Wave
  5573 | D:5      | Found a shimmering altar of Xom.
  5866 | D:5      | Reached XP level 8. HP: 52/52 MP: 7/13
  6452 | D:5      | Noticed Eustachio
  6464 | D:5      | Killed Eustachio
  6465 | D:5      | Reached skill level 6 in Stealth
  7371 | D:6      | Found a sand-covered staircase.
  7384 | Ossuary  | Entered an ossuary
  7418 | Ossuary  | Reached skill level 5 in Fire Magic
  7467 | Ossuary  | Reached XP level 9. HP: 19/58 MP: 1/15
  7836 | Ossuary  | Reached ** piety under Sif Muna
  7902 | Ossuary  | Reached skill level 7 in Stealth
  7976 | Ossuary  | Identified the ring "Unexishroz" {rC+ SInv}
  8463 | D:6      | Found a transporter.
  8468 | D:6      | Noticed a toenail golem
  8471 | D:6      | Reached skill level 5 in Dodging
  8729 | D:6      | Shot with an arrow by a centaur

Illustrated notes

Levels and vault maps discovered:
D:1:      onia_arrival_mini_spirals, layout_basic
D:2:      layout_basic, basic_altar
D:3:      layout_loops_corners, nicolae_sif_muna_condensation,
          kennysheep_okawaru_gauntlet
D:4:      layout_basic
D:5:      minmay_evil_eye, layout_basic, dk_xom_monty_hall, dk_vineyard_2,
          lemuel_flamethrower_1, uniq_edmund, uniq_eustachio
D:6:      layout_rooms, temple_statues, nicolae_ossuary_entry_monument,
          gammafunk_ghost_abyssal_escape, hangedman_decor_diamond_cutter,
          dk_noncrumbling_2, dreamdust_mushroom_princess

Skill      XL: |  1  2  3  4  5  6  7  8  9 |
---------------+----------------------------+-----
Stealth        | 3 4 5 6 7 |  7.2
Fighting       | 1 2 3 4 |  4.5
Conjurations   | 2 3 4 |  4.9
Invocations    | 1 2 3 4 |  4.8
Dodging        | 3 4 5 |  5.0
Spellcasting   | 3 4 |  4.7
Fire Magic     | 4 5 |  5.6

Action                   |  1- 3 |  4- 6 |  7- 9 || total
-------------------------+-------+-------+-------++-------
Melee: Flail             |    11 |       |       ||    11
       Constrict         |     7 |     6 |    22 ||    35
       Dagger            |    32 |    43 |   113 ||   188
       Tentacles         |     8 |     5 |    34 ||    47
       Long sword        |       |       |    15 ||    15
       Punch             |       |       |     2 ||     2
 Cast: Foxfire           |    12 |    36 |    58 ||   106
       Scorch            |    11 |    31 |    81 ||   123
  Use: Scroll            |     1 |     9 |     9 ||    19
       Potion            |       |       |     6 ||     6
 Stab: Sleeping          |     9 |     4 |       ||    13
Armor: Skin              |     3 |     7 |    50 ||    60
Dodge: Dodged            |    28 |    26 |   134 ||   188
